Cogmind - Beta 15 @@@ ROGUE MODE // 2025.06.06 @ 17:33:45 Player: Chair Result: Destroyed by H-77 Assassin with Coil Gun Performance ------------- Evolutions (7) 3500 Regions Visited (21) 4200 Robots Destroyed (446) 2230 Value Destroyed (21025) 21025 Prototype IDs (62) 1240 Alien Tech Used (3) 600 Bonus (17011) 17011 TOTAL SCORE: 49806 Bonus ------- Triggered High Security 500 High Alert Combat Kills 6317 Follower Combat Kills 1793 Network Hubs Disabled 200 Met Zhirov 300 Built Enhanced Grunts 300 Met R17 at Cetus 500 Found Hidden Lab 3000 Met R17 at Research 2000 Scanned by Researcher 500 Acquired SGEMP 2000 Friendly Fire -399 Cogmind --------- Core Integrity 0/1300 Matter 300/300 Energy 100/100 System Corruption 31% Temperature Cool (0) Movement Core (700) Ox13 Location -3/Testing Parts ------- > --- POWER (2) -------- (None) > --- PROPULSION (6) --- (None) > --- UTILITY (8) ------ 2N-1CE's Frost Array High-capacity Storage Unit Experimental Target Analyzer > --- WEAPON (5) ------- (None) > --- INVENTORY (20) --- Advanced Heat Sink Advanced Heat Sink Improved Matter Compressor (300) Improved Matter Compressor (300) Seismic Detector Advanced Weapon Cycler Advanced Cloaking Device Medium Regenerative Plating Advanced Force Field Transdimensional Reconstructor Gamma Rifle Phase Gun Compact Mass Driver SGEMP Prototype Peak State ------------ > --- POWER ------------ Reinforced Antimatter Reactor Heavy Antimatter Reactor > --- PROPULSION ------- Advanced Heavy Siege Treads Advanced Heavy Siege Treads Advanced Heavy Siege Treads > --- UTILITY ---------- 2N-1CE's Frost Array High-capacity Storage Unit Experimental Targeting Computer Experimental Target Analyzer SHELL Armor Experimental Hacking Suite > --- WEAPON ----------- Cooled Plasma Rifle Heavy Wave Gun Heavy Wave Gun Precision Phase Gun Precision Phase Gun > --- INVENTORY -------- Armored Heavy Treads Armored Heavy Treads Advanced Heat Sink Advanced Heat Sink Improved Matter Compressor Improved Matter Compressor Seismic Detector Advanced Cloaking Device Centrium Medium Armor Plating Advanced Force Field Transdimensional Reconstructor Quantum Rifle Railgun Compact Mass Driver Gamma Bomb Array Gamma Bomb Array SGEMP Prototype [Rating: 190] Favorites ----------- Power Reinforced Antimatter Reactor Engine Reinforced Deuterium Engine Power Core Neutrino Core Reactor Reinforced Antimatter Reactor Propulsion Advanced Heavy Siege Treads Treads Advanced Heavy Siege Treads Leg Heavy Shield Leg Utility Centrium Medium Armor Plating Device Seismic Detector Storage High-capacity Storage Unit Processor Enhanced Optical Array Hackware Improved Hacking Suite Protection Centrium Medium Armor Plating Weapon Precision Assault Rifle Energy Gun Advanced Variable Charge Gun Energy Cannon Beam Cannon Ballistic Gun Precision Assault Rifle Ballistic Cannon Compact Mass Driver Launcher Improved Grenade Launcher Impact Weapon Power Maul Build | -11 -10 -10 -8 -7 -7 -7 -6 -6 -6 -6 -6 -5 -5 -5 -5 -4 -4 -4 -4 -3 -3 ------- Run | Yrd Mat Sub Mat Fac Was Fac Fac Ext Cet Arc Hub Fac Upp Upp Zhi Pro Fac Arm Lab Res Tes Slots Evolved 14 | . . . 4 2 . . 2 . . . . 2 . . . . 2 . . 2 . Power 1 | . . . . . . . . . . . . 1 . . . . . . . . . Propulsion 4 | . . . 1 1 . . . . . . . . . . . . 1 . . 1 . Utility 6 | . . . 2 . . . 1 . . . . 1 . . . . 1 . . 1 . Weapon 3 | . . . 1 1 . . 1 . . . . . . . . . . . . . . Parts Attached 206 | 7 2 1 15 10 3 19 7 2 12 3 4 20 . 2 2 7 26 12 4 7 41 Power 19 | 1 . . 1 . . 1 1 . 1 . . 4 . . 1 . 3 1 . 1 4 Engine 5 | 1 . . 1 . . 1 . . . . . 2 . . . . . . . . . Core 2 | . . . . . . . . . . . . 2 . . . . . . . . . Reactor 12 | . . . . . . . 1 . 1 . . . . . 1 . 3 1 . 1 4 Propulsion 37 | 2 . . 4 3 . 6 3 2 2 . . . . . . 2 4 5 . 1 3 Treads 36 | 2 . . 4 3 . 6 3 2 2 . . . . . . 2 4 4 . 1 3 Leg 1 | . . . . . . . . . . . . . . . . . . 1 . . . Wheel . | . . . . . . . . . . . . . . . . . . . . . . Hover . | . . . . . . . . . . . . . . . . . . . . . . Flight . | . . . . . . . . . . . . . . . . . . . . . . Utility 81 | 1 1 . 6 1 . 8 1 . 5 1 3 10 . 1 1 3 10 5 1 4 19 Device 42 | . 1 . 1 . . 4 1 . 2 1 . 7 . . . 1 6 5 . 3 10 Storage 6 | 1 . . 1 . . . . . . . 2 . . . 1 . 1 . . . . Processor 6 | . . . . . . . . . . . . 2 . . . . 1 . . . 3 Hackware 4 | . . . . . . . . . . . . . . . . . 2 . . 1 1 Protection 23 | . . . 4 1 . 4 . . 3 . 1 1 . 1 . 2 . . 1 . 5 Artifact . | . . . . . . . . . . . . . . . . . . . . . . Weapon 69 | 3 1 1 4 6 3 4 2 . 4 2 1 6 . 1 . 2 9 1 3 1 15 Energy Gun 20 | 2 . . 2 1 . . . . 1 1 . 1 . . . . 2 . 2 . 8 Energy Cannon 4 | . 1 . 1 . . . . . . . . . . . . . . . 1 . 1 Ballistic Gun 29 | 1 . 1 1 4 . 2 2 . 3 1 1 3 . . . 1 7 1 . . 1 Ballistic Cannon 3 | . . . . . . . . . . . . . . 1 . . . . . . 2 Launcher 12 | . . . . 1 3 1 . . . . . 2 . . . 1 . . . 1 3 Special Weapon . | . . . . . . . . . . . . . . . . . . . . . . Impact Weapon 1 | . . . . . . 1 . . . . . . . . . . . . . . . Slashing Weapon . | . . . . . . . . . . . . . . . . . . . . . . Piercing Weapon . | . . . . . . . . . . . . . . . . . . . . . . Special Melee Weapon . | . . . . . . . . . . . . . . . . . . . . . . Unidentified Prototypes 44 | . . . 2 1 . 1 1 . 5 . . 2 . . 3 . 1 1 3 3 21 Parts Lost 43 | . . . 2 . . 2 . . 1 . 2 1 . 1 . 4 6 . . 1 23 Power 3 | . . . . . . . . . . . . . . . . . . . . . 3 Propulsion 7 | . . . . . . 1 . . . . . . . . . 1 1 . . . 4 Utility 11 | . . . 1 . . . . . . . . . . 1 . 2 1 . . 1 5 Weapon 22 | . . . 1 . . 1 . . 1 . 2 1 . . . 1 4 . . . 11 Highest Loss Streak 18 | . . . 1 . . 1 . . 1 . 2 1 . 1 . 2 2 . . 1 18 To Critical Strikes 1 | . . . . . . . . . . . . . . . . . . . . . 1 Average Backups 16 | 1 6 8 8 14 15 14 14 15 14 15 17 19 19 19 19 19 18 17 17 17 16 Power . | . . . . . 1 . . . . . . . 1 1 . . . . 1 1 . Propulsion 3 | 1 2 2 2 2 2 2 3 3 3 3 3 4 5 5 5 5 3 3 2 2 1 Utility 6 | . . 2 1 4 5 5 5 6 5 5 6 8 7 7 7 7 9 7 10 11 8 Weapon 5 | . 3 4 4 6 7 5 5 6 6 7 7 6 6 6 6 4 3 4 3 2 4 Tool/Special . | . . . . . . . . . . . . . . . . . . . . . . Unused Backups 53 | . 1 . 8 4 . 5 1 . 4 . 1 3 . 1 2 1 3 4 . 1 14 Power 4 | . . . . 1 . . . . . . 1 . . . . . . . . . 2 Propulsion 12 | . 1 . 2 . . . . . . . . 2 . . . . 2 3 . . 2 Utility 20 | . . . 2 . . 2 1 . 4 . . . . 1 2 1 . 1 . . 6 Weapon 15 | . . . 4 3 . 3 . . . . . 1 . . . . . . . 1 3 Tool/Special 2 | . . . . . . . . . . . . . . . . . 1 . . . 1 Average Slot Usage (%) 90 | . 96 100 95 99 100 97 99 99 97 86 85 87 87 87 87 83 90 88 81 81 81 Engine 3 | . 14 14 9 7 7 7 2 . . . . 3 . . 1 5 4 . . . . Core 1 | . . . . . . . . . . . . 4 11 11 7 . . . . . . Reactor 3 | . . . . . . . 3 6 6 6 6 2 . . 1 5 5 10 10 8 8 Treads 19 | . 28 28 25 30 30 29 26 25 24 13 13 11 11 11 11 11 21 14 15 13 13 Device 7 | . 8 . 8 7 7 7 12 6 6 6 6 10 6 6 5 6 5 13 8 12 6 Storage 5 | . 14 14 9 7 7 7 6 6 6 6 6 5 5 5 5 5 5 5 5 4 4 Processor 2 | . . . . . . . . . . . . 3 5 5 5 5 5 1 . . 6 Hackware 2 | . . . . . . . . . . . . . . . . . 7 10 10 9 9 Protection 11 | . 2 14 16 15 15 12 13 20 19 19 20 13 14 15 16 10 6 4 5 6 4 Energy Gun 7 | . 14 14 8 9 . . . . 3 3 4 10 11 11 11 11 5 . 7 7 13 Ballistic Gun 19 | . 5 14 17 20 8 29 29 32 28 29 26 16 17 17 17 16 20 26 18 14 7 Peak Build Rating 190 | 6 9 10 32 44 44 55 64 66 117 120 122 134 132 132 130 131 140 152 158 174 190 Average Rating 102 | 4 7 9 27 41 39 52 59 62 88 118 120 127 129 129 127 122 119 142 151 167 175 On Entrance 86 | . 6 9 10 32 44 44 52 63 63 117 120 109 129 132 127 129 114 140 144 156 167 Naked Turns . | . . . . . . . . . . . . . . . . . . . . . . Heaviest Build 154 | 14 16 16 60 67 74 72 82 84 87 88 108 130 110 110 116 123 140 140 142 151 154 Greatest Support 240 | 40 40 40 60 80 80 104 102 106 160 160 160 160 160 160 160 160 167 187 160 240 240 Greatest Overweight (x) 1 | . . . 1 . . . . . . . . . . . . . . 1 . . 1 Average Overweight (x) . | . . . . . . . . . . . . . . . . . . . . . . Largest Inventory Capacity 20 | 8 8 8 15 15 15 15 15 15 15 15 20 20 20 20 20 20 20 20 20 20 20 Average Capacity 17 | 6 8 8 9 15 15 15 15 15 15 15 19 20 20 20 20 20 20 20 20 20 20 Most Carried 20 | 3 8 8 13 15 15 15 15 15 15 15 20 20 20 20 20 20 20 20 20 20 20 Average Carried 16 | 1 6 8 8 14 14 14 14 14 14 15 17 19 19 19 19 19 18 19 19 19 19 Final Capacity 20 | 8 8 8 15 15 15 15 15 15 15 15 20 20 20 20 20 20 20 20 20 20 20 Final Carried 20 | 3 8 8 13 15 15 15 15 15 15 15 20 20 19 19 20 17 19 20 20 20 15 Class Distribution -------------------- 46% | Scavenger-Tank 23% | Tank 21% | Hacker-Tank 3% | Gunner Dominant Class ---------------- Mutant | -10/Materials Mutant | -10/Subcaves Tank | -8/Materials Scavenger-Tank | -7/Factory Scavenger-Tank | -7/Waste Tank | -7/Factory Tank | -6/Factory Tank | -6/Extension Scavenger-Tank | -6/Cetus Scavenger-Tank | -6/Archives Scavenger-Tank | -6/Hub_04(d) Scavenger-Tank | -5/Factory Scavenger-Tank | -5/Upper Caves Scavenger-Tank | -5/Upper Caves Scavenger-Tank | -5/Zhirov Scavenger-Tank | -4/Proximity Caves Hacker-Tank | -4/Factory Hacker-Tank | -4/Armory Hacker-Tank | -4/Lab Hacker-Tank | -3/Research Hacker-Tank | -3/Testing Resources | -11 -10 -10 -8 -7 -7 -7 -6 -6 -6 -6 -6 -5 -5 -5 -5 -4 -4 -4 -4 -3 -3 ----------- Run | Yrd Mat Sub Mat Fac Was Fac Fac Ext Cet Arc Hub Fac Upp Upp Zhi Pro Fac Arm Lab Res Tes Matter Collected 17988 | 190 39 . 1031 248 850 1765 717 1704 429 240 232 1628 297 210 250 723 1824 659 273 848 3831 Remotely 692 | . . . . . . . . . . . . . . . . . 692 . . . . Salvage Created 25440 | . 51 . 1230 495 1154 2061 682 1738 320 157 154 2424 499 247 . 611 2874 322 . 775 9646 Parts 1018 | . 2 . 67 30 4 108 24 67 14 13 7 117 29 11 . 15 138 16 . 28 328 Haulers Intercepted 21 | . . . 4 4 . 3 1 2 . . . 1 . . . . 3 . . 1 2 Recyclers Shooed 17 | . 1 . 1 . . 1 . 2 . . . 3 . . . . 9 . . . . Parts Field Recycled . | . . . . . . . . . . . . . . . . . . . . . . Retrieved Matter . | . . . . . . . . . . . . . . . . . . . . . . Parts Self-Destructed 53 | . . . . . . . . . . . . . 29 11 . 13 . . . . . Prevented 2 | . . . . . . . . . . . . . . . . 2 . . . . . Kills | -11 -10 -10 -8 -7 -7 -7 -6 -6 -6 -6 -6 -5 -5 -5 -5 -4 -4 -4 -4 -3 -3 ------- Run | Yrd Mat Sub Mat Fac Was Fac Fac Ext Cet Arc Hub Fac Upp Upp Zhi Pro Fac Arm Lab Res Tes Combat Hostiles Destroyed 316 | . 3 . 16 1 6 34 6 23 4 1 3 29 11 4 . 14 28 6 . 6 121 Melee 1 | . . . . . . 1 . . . . . . . . . . . . . . . Guns 238 | . 2 . 14 1 . 26 6 18 4 1 2 23 11 4 . 10 28 6 . 6 76 Cannons 6 | . 1 . 2 . . . . . . . . . . . . . . . . . 3 AOE 34 | . . . . . 6 6 . 5 . . 1 5 . . . 4 . . . . 7 Classes Destroyed 24 | . 1 . 11 . 1 4 . . . . . 1 . . . . . . . . 6 Worker 26 | . . . 3 . . 6 2 2 . . . 4 . . . . 4 . . 1 4 Builder 24 | . . . 1 2 . 2 1 1 . . . 7 . . . . 8 . . . 2 Tunneler 7 | . . . 2 . . 2 . 2 . . . . . . . . . . . 1 . Hauler 21 | . . . 4 4 . 3 1 2 . . . 1 . . . . 3 . . 1 2 Recycler 21 | . . . 1 2 . 4 2 4 . . . 2 . . . . 3 . . 2 1 Mechanic 8 | . . . 1 1 . . . . . . . 1 . . . . 1 1 . . 3 Operator 6 | . . . 1 1 . . . 1 . 3 . . . . . . . . . . . Watcher 13 | . . . . . . 2 2 1 2 . . 1 . . . . 1 1 . . 3 Swarmer 45 | . 3 . . . . 11 2 10 . . . 4 5 . . 4 . 5 . 1 . Saboteur 6 | . . . . . . . . . . . . . . . . . . . . . 6 Grunt 121 | . . . 11 1 . 8 . 7 . . 1 9 3 2 . 5 11 1 . 4 58 Brawler 10 | . . . 1 . . . . . . . . . 1 . . 1 . . . . 7 Duelist 19 | . . . . . . 2 . . . . . . . . . 1 . . . . 16 Protector 2 | . . . . . . . . . . . . . . . . . . . . . 2 Researcher 2 | . . . . . . . . . . . . . . . . . . . . . 2 Sentry 23 | . . . 3 . . 4 2 4 . 1 1 1 . 1 . 1 5 . . . . Hunter 24 | . . . . . . 2 . 2 . . . 8 . 1 . 2 1 . . . 8 Programmer 50 | . . . . . . 7 2 . . . 1 7 2 . . . 11 . . 1 19 Heavy 1 | . . . 1 . . . . . . . . . . . . . . . . . . Behemoth 1 | . . . . . . . . . . . . 1 . . . . . . . . . Compactor 6 | . . . . . 6 . . . . . . . . . . . . . . . . Cetus Guard 4 | . . . . . . . . . 4 . . . . . . . . . . . . Investigator 1 | . . . . . . . . . . . . . . . . . . . . . 1 Striker 1 | . . . . . . . . . . . . . . . . . . . . . 1 Executioner 3 | . . . . . . . . . . . . . . . . . . . . . 3 Alpha 7 1 | . . . . . . . . . . . . . . . . . . . . . 1 Best Kill Streak 21 | . 2 . 4 5 3 11 4 8 4 2 1 6 4 3 . 5 10 4 . 7 21 Combat Bots Only 19 | . 2 . 3 1 3 8 3 5 3 1 1 5 4 3 . 5 10 4 . 4 19 Max Kills in Single Turn 4 | . 1 . 2 1 1 3 1 3 1 1 1 3 3 1 . 2 2 2 . 2 4 Gunslinging 2 | . . . . . . . . . . . . 1 2 . . 1 1 1 . 1 1 Exploded 3 | . . . . . 1 2 . 2 . . 1 3 . . . 2 . . . . 3 Melee 1 | . . . . . . 1 . . . . . . . . . . . . . . . Uniques/NPCs Destroyed . | . . . . . . . . . . . . . . . . . . . . . . Combat | -11 -10 -10 -8 -7 -7 -7 -6 -6 -6 -6 -6 -5 -5 -5 -5 -4 -4 -4 -4 -3 -3 -------- Run | Yrd Mat Sub Mat Fac Was Fac Fac Ext Cet Arc Hub Fac Upp Upp Zhi Pro Fac Arm Lab Res Tes Hostile Shots Fired 2136 | . 22 . 69 4 . 201 47 192 24 3 86 111 34 18 . 127 218 19 . 77 884 Missed 536 | . 4 . 18 1 . 63 13 70 4 1 28 27 11 1 . 36 43 5 . 18 193 Hits 1600 | . 18 . 51 3 . 138 34 122 20 2 58 84 23 17 . 91 175 14 . 59 691 Melee 43 | . . . 2 . . 8 . . . . . . . . . . . . . . 33 Projectile 1557 | . 18 . 49 3 . 130 34 122 20 2 58 84 23 17 . 91 175 14 . 59 658 AOE 2 | . . . . . . . . . . . . . . . . . . . . . 2 Critical Strikes 87 | . . . 2 . . 4 . 3 5 . 5 3 1 . . 7 11 . . 5 41 Part Disruptions 2 | . . . . . . . . . . . . 1 . . . . . . . . 1 Damage Taken 30397 | . 145 . 874 48 26 2000 306 1651 567 42 1312 1746 436 272 . 1679 3623 184 . 1317 14169 Core 2095 | . 56 . 17 . . 101 31 40 40 . 38 63 37 . . 44 251 70 . 127 1180 Absorbed by Shields 1531 | . . . . . . . . 390 54 . . . . . . . 136 29 . 10 912 Reduced by Siege Mode 2654 | . . . . . . . . . . . . 28 36 . . 151 216 14 . 302 1907 Regen/Repaired (Parts) 4167 | . . . 261 . . 462 131 . . . . 346 . . . . . 405 . 276 2286 Core Remaining (%) 87 | 100 . 77 96 . . 85 . . . . 82 . . . . 85 . . 90 . . Volleys Fired 835 | . 17 . 82 15 21 68 21 72 19 11 10 77 18 10 . 29 97 11 20 18 219 Largest 5 | . 2 . 3 4 3 4 5 5 5 5 5 5 5 5 . 5 5 5 1 5 5 Hottest 416 | . 110 . 135 163 108 109 134 134 240 206 366 416 261 261 . 261 267 175 94 293 388 Shots Fired 3124 | . 33 . 230 58 47 257 104 312 75 54 38 287 61 34 . 92 371 56 20 72 923 Gun 2953 | . 16 . 215 58 1 252 104 301 75 54 35 271 61 34 . 82 371 56 20 72 875 Cannon 60 | . 17 . 15 . . . . . . . . . . . . . . . . . 28 Launcher 111 | . . . . . 46 5 . 11 . . 3 16 . . . 10 . . . . 20 Special . | . . . . . . . . . . . . . . . . . . . . . . Kinetic 1867 | . . . 154 40 1 252 104 301 70 50 32 150 45 20 . 55 273 56 2 38 224 Thermal 1146 | . 33 . 76 18 . . . . 5 4 3 121 16 14 . 27 98 . 18 34 679 Explosive 75 | . . . . . 46 5 . 11 . . 3 . . . . 10 . . . . . Electromagnetic 36 | . . . . . . . . . . . . 16 . . . . . . . . 20 Robot Hit Streak 45 | . 3 . 15 19 11 16 27 21 38 21 5 21 8 8 . 14 20 12 . 19 45 Robot Miss Streak 7 | . 4 . 4 2 2 3 2 5 1 1 4 3 4 1 . 2 4 7 . 2 3 Penetration Max 2 | . . . . . . . . . . . 1 1 1 1 . 1 2 . . . 1 Secondary Targets 81 | . . . . . . 4 1 4 1 . . 3 4 1 . 5 13 2 . 3 40 Max Gunslinging Chain 2 | . . . . . . 1 1 1 1 . . 1 2 1 . 1 1 1 . 2 2 Shots Hit Robots 2144 | . 15 . 163 35 23 174 81 210 56 41 19 157 36 21 . 66 230 32 . 54 731 Core Hits 1078 | . 5 . 53 16 15 82 23 107 27 17 13 80 17 9 . 37 108 12 . 21 436 Critical Kills 13 | . . . . . . . . 1 . . . 3 . 2 . . 5 . . . 2 Critical Parts Destroyed 31 | . . . . . . 2 . 1 . 3 1 3 1 2 . 3 7 . . 1 7 Critical Strikes 137 | . 3 . 5 1 . 2 . 2 . 4 1 6 1 4 . 3 15 . . 1 89 Burn 89 | . 3 . 5 1 . . . . . . . . . . . . 3 . . . 77 Destroy 45 | . . . . . . 1 . 2 . 4 1 6 1 4 . 3 12 . . 1 10 Blast 2 | . . . . . . . . . . . . . . . . . . . . . 2 Smash 1 | . . . . . . 1 . . . . . . . . . . . . . . . Melee Attacks 25 | . . . . . . 8 17 . . . . . . . . . . . . . . Impact 25 | . . . . . . 8 17 . . . . . . . . . . . . . . Slashing . | . . . . . . . . . . . . . . . . . . . . . . Piercing . | . . . . . . . . . . . . . . . . . . . . . . Sneak Attacks 6 | . . . . . . 3 3 . . . . . . . . . . . . . . Combat Hostiles . | . . . . . . . . . . . . . . . . . . . . . . Follow-up Attacks . | . . . . . . . . . . . . . . . . . . . . . . Damage Inflicted 68392 | . 252 . 2842 647 3888 4772 1921 5740 1124 861 699 5266 1066 467 . 2620 7594 925 . 1803 25905 Guns 52557 | . 114 . 2582 647 . 3429 1480 3949 1124 861 463 4245 1066 467 . 1687 7392 925 . 1803 20323 Cannons 630 | . 138 . 223 . . . . . . . . . . . . . . . . . 269 Explosions 13970 | . . . . . 3888 802 51 1742 . . 236 942 . . . 933 86 . . . 5290 Melee 874 | . . . . . . 484 390 . . . . . . . . . . . . . . Ramming 361 | . . . 37 . . 57 . 49 . . . 79 . . . . 116 . . . 23 Kinetic 30264 | . . . 1769 412 . 3429 1480 3949 1124 794 432 2254 863 264 . 963 5936 925 . 988 4682 Thermal 23679 | . 252 . 1036 235 . . 51 57 . 67 31 1991 203 203 . 724 1542 . . 815 16472 Explosive 7544 | . . . . . 3888 802 . 1685 . . 236 . . . . 933 . . . . . Electromagnetic 5670 | . . . . . . . . . . . . 942 . . . . . . . . 4728 Impact 874 | . . . . . . 484 390 . . . . . . . . . . . . . . Slashing . | . . . . . . . . . . . . . . . . . . . . . . Piercing . | . . . . . . . . . . . . . . . . . . . . . . Highest Corruption 31 | . . . . 3 3 11 1 1 1 1 14 9 11 11 11 11 4 4 4 2 31 Average Corruption 7 | . . . . 2 3 7 1 1 1 1 3 6 9 11 11 11 2 4 4 1 12 Corruption Purged 10 | . . . . . . 5 . . . 1 . . . . . . 4 . . . . Corruption Blocked . | . . . . . . . . . . . . . . . . . . . . . . Effects 476 | . . . . 4 11 83 6 17 5 2 2 32 25 33 9 40 9 13 8 12 165 Message Errors 107 | . . . . . 1 23 4 4 . 1 1 8 9 3 3 9 3 4 2 2 30 Matter Fused 105 | . . . . . 2 15 1 1 4 . . 7 5 9 3 9 2 4 3 3 37 Heat Flow Errors 51 | . . . . 1 1 12 . 2 1 . . 2 1 2 1 2 . . 1 . 25 Energy Discharges 57 | . . . . 1 . 9 . . . . 1 2 5 6 2 3 1 2 1 . 24 Parts Rejected 8 | . . . . . . 1 . 1 . . . . . . . 4 . . . . 2 Parts Fused 5 | . . . . . . 1 . . . . . . . 2 . 2 . . . . . Data Loss (minor) 55 | . . . . . 4 5 . 4 . . . 6 3 7 . 4 1 2 1 1 17 Data Loss (major) 24 | . . . . . 1 6 1 2 . . . . 2 3 . 2 . . . 2 5 Misfires 16 | . . . . . 1 4 . . . . . 3 . . . 1 . 1 . 2 4 Alerts 6 | . . . . . . 3 . . . . . . . . . . 1 . . 1 1 Misdirections 1 | . . . . . . . . . . . . . . . . 1 . . . . . Weapon Failures 41 | . . . . 2 1 4 . 3 . 1 . 4 . 1 . 3 1 . . 1 20 Overload Shots 7 | . . . . . . . . . 1 . 1 3 . . . . . . . . 2 Overflow Damage 584 | . . . . . 19 292 149 95 . . . 1 . . . . 21 . . . 7 Projectiles . | . . . . . . . . . . . . . . . . . . . . . . Explosions 176 | . . . . . 19 15 21 95 . . . . . . . . 19 . . . 7 Melee 408 | . . . . . . 277 128 . . . . 1 . . . . 2 . . . . Knockbacks 6 | . . . . . . 2 1 1 . . . 1 . . . . 1 . . . . Impact 6 | . . . . . . 2 1 1 . . . 1 . . . . 1 . . . . Kinetic . | . . . . . . . . . . . . . . . . . . . . . . Secondary . | . . . . . . . . . . . . . . . . . . . . . . Self-Inflicted Damage 591 | . . . . . 27 114 . . . . . 52 . . . . 74 . . . 324 Shots 33 | . . . . . 1 2 . . . . . 2 . . . . 1 . . . 27 Rammed 30 | . . . 6 . . 7 . 2 . . . 5 . . . . 8 . . . 2 Targets Rammed 33 | . . . 7 . . 8 . 2 . 1 . 5 . . . . 8 . . . 2 Kicked . | . . . . . . . . . . . . . . . . . . . . . . Crushed 3 | . . . 1 . . 1 . . . 1 . . . . . . . . . . . Highest Temperature 401 | . 144 . 362 225 197 255 42 135 116 96 210 385 273 354 161 321 390 192 216 339 401 Average Temperature 95 | . 51 . 114 61 37 71 25 18 50 38 63 112 103 134 97 118 106 75 92 93 116 Received Heat Transfer 3656 | . . . 387 27 . 240 48 235 18 9 102 114 117 54 . 81 550 . . 146 1528 Effects 12 | . . . 5 . . . . . . . . . . . . 3 . . . 2 2 Shutdowns 2 | . . . . . . . . . . . . . . . . . . . . 1 1 Energy Bleed 5 | . . . 2 . . . . . . . . . . . . 1 . . . 1 1 Interference 4 | . . . 3 . . . . . . . . . . . . 1 . . . . . Damage (minor) 1 | . . . . . . . . . . . . . . . . 1 . . . . . Siege Activations 54 | . . . . . . . . . . . . 10 5 2 . 4 5 2 . 2 24 Total Turns 1311 | . . . . . . . . . . . . 99 92 41 . 114 300 44 . 38 583 Longest Duration 119 | . . . . . . . . . . . . 16 38 29 . 61 119 30 . 31 84 Martial Activations . | . . . . . . . . . . . . . . . . . . . . . . Shielding Activations . | . . . . . . . . . . . . . . . . . . . . . . Robots Disrupted 2 | . . . . . . . . . . . . . . . . . . . . . 2 Combat Hostiles 2 | . . . . . . . . . . . . . . . . . . . . . 2 Robots Corrupted 24 | . . . . . . 4 2 . . . . 2 . . . . . . . . 16 Combat Hostiles 17 | . . . . . . 1 . . . . . 1 . . . . . . . . 15 Parts Fried 58 | . . . . . . 8 5 . . . . 7 . . . . . . . . 38 Impact Corruptions 18 | . . . . . . 11 5 . . . . 1 . . . . 1 . . . . Robots Melted 20 | . . . . . . . . . . . . . . . . . . . . . 20 Combat Hostiles 20 | . . . . . . . . . . . . . . . . . . . . . 20 Parts Melted 142 | . 4 . 6 2 . . . . . 1 . 11 . . . 1 2 . . 2 113 Heat Transferred 37233 | . 851 . 2664 518 . . 50 50 . 74 37 2344 222 296 . 925 2500 . . 999 25703 Parts Sabotaged 1 | . . . . . . . . . . . . . . . . . . . . . 1 Parts Stolen . | . . . . . . . . . . . . . . . . . . . . . . Parts Stripped . | . . . . . . . . . . . . . . . . . . . . . . Power Chain Reactions 8 | . . . . . . . . . . . . . . . . . . . . . 8 Alert | -11 -10 -10 -8 -7 -7 -7 -6 -6 -6 -6 -6 -5 -5 -5 -5 -4 -4 -4 -4 -3 -3 ------- Run | Yrd Mat Sub Mat Fac Was Fac Fac Ext Cet Arc Hub Fac Upp Upp Zhi Pro Fac Arm Lab Res Tes Maximum Alert Level 5 | . . . 1 . . 1 1 2 1 1 2 2 . . . . 2 1 . . 5 Low Security (%) 61 | 100 100 . 97 100 100 65 56 82 2 15 64 35 . . . . 82 . . 100 36 Level 1 23 | . . . 2 . . 34 43 8 97 84 6 51 . . . . 11 100 . . . Level 2 3 | . . . . . . . . 9 . . 29 13 . . . . 6 . . . 2 Level 3 3 | . . . . . . . . . . . . . . . . . . . . . 21 Level 4 2 | . . . . . . . . . . . . . . . . . . . . . 14 Level 5 . | . . . . . . . . . . . . . . . . . . . . . 2 High Security 4 | . . . . . . . . . . . . . . . . . . . . . 23 Max Security . | . . . . . . . . . . . . . . . . . . . . . . Sterilizations 1 | . . . . . . . . . . . . . . . . . . . . . 1 Peak Influence 3418 | . 55 . 211 28 26 388 346 584 361 321 457 611 . . . . 627 323 . 177 3418 Initial 323 | . . . . . 8 . 187 126 323 113 94 203 . . . . 11 305 . . . Average 327 | . 16 . 66 1 3 171 165 182 288 270 225 255 . . . . 141 276 . 63 1101 Influence Increases 12555 | . 99 . 625 93 71 1084 530 1060 297 278 772 1169 250 90 . 310 1158 246 . 296 4127 Destroy 0b10 Robot/C 6980 | . 60 . 320 20 . 680 120 660 140 80 220 600 220 80 . 280 560 120 . 160 2660 Destroy 0b10 Robot/NC 705 | . . . 65 50 . 95 40 75 10 25 15 80 . . . . 100 10 . 35 105 Destroy Leader 1224 | . 10 . 98 8 . 188 56 94 . . 54 144 30 10 . 30 126 12 . 24 340 Allied During Kill 643 | . . . . . . . . 76 87 105 245 27 . . . . . . . 7 96 Successful Hack 422 | . 14 . 44 . . 18 20 34 16 . 18 86 . . . . 22 59 . 40 51 Select Force Hacks 50 | . . . . . . . . . . . 50 . . . . . . . . . . Disable Machine 735 | . 15 . 30 15 . 45 75 45 30 60 15 105 . . . . 105 15 . 30 150 Anti-Garrison Action 150 | . . . . . . . 150 . . . . . . . . . . . . . . Destroy Structure 986 | . . . 8 . 71 43 69 46 14 8 65 112 . . . . 200 . . . 350 Lose Combat Pursuer 660 | . . . 60 . . 15 . 30 . . 90 15 . . . . 45 30 . . 375 Influence Decreases 9317 | . 99 . 625 69 95 700 656 740 591 291 628 976 552 352 44 292 552 613 257 296 889 Entered New Map 2072 | . . . . . 16 . 197 132 255 171 177 212 226 59 44 . 7 319 257 . . Time Decay 5989 | . 99 . 500 69 79 530 459 398 286 120 230 694 326 283 . 262 475 294 . 286 599 Lost Part 410 | . . . 10 . . 20 . . 10 . 20 10 . 10 . 30 60 . . 10 230 Lost Ally 310 | . . . . . . . . 60 40 . 80 60 . . . . 10 . . . 60 Purge Threat 536 | . . . 115 . . 150 . 150 . . 121 . . . . . . . . . . Squads Dispatched 103 | . 1 . 6 3 . 14 6 3 . . 6 10 . . . . 8 2 . 2 42 Investigation 11 | . . . 2 1 . 1 . . . . 1 . . . . . . 1 . 1 4 Extermination 25 | . . . . 2 . 7 2 . . . . 4 . . . . 4 1 . . 5 Reinforcement 28 | . 1 . 4 . . 3 . 3 . . 4 3 . . . . 4 . . 1 5 Assault 32 | . . . . . . . 2 . . . . 3 . . . . . . . . 27 Garrison 7 | . . . . . . 3 2 . . . 1 . . . . . . . . . 1 Intercept . | . . . . . . . . . . . . . . . . . . . . . . Searches Triggered . | . . . . . . . . . . . . . . . . . . . . . . Construction Impeded 9 | . . . . . . 1 . 1 . . . 1 . . . . 3 . . . 3 Haulers Reinforced 4 | . . . . . . . . . . . 1 1 . . . . . . . 1 1 Active Scanning Responses . | . . . . . . . . . . . . . . . . . . . . . . Cargo Convoy Interrupts . | . . . . . . . . . . . . . . . . . . . . . . Stealth | -11 -10 -10 -8 -7 -7 -7 -6 -6 -6 -6 -6 -5 -5 -5 -5 -4 -4 -4 -4 -3 -3 --------- Run | Yrd Mat Sub Mat Fac Was Fac Fac Ext Cet Arc Hub Fac Upp Upp Zhi Pro Fac Arm Lab Res Tes Distress Signals 24 | . 1 . 2 . . 3 . 2 2 . 3 1 . . . . . 1 . 6 3 Communications Jammed . | . . . . . . . . . . . . . . . . . . . . . . Distress Signals . | . . . . . . . . . . . . . . . . . . . . . . Times Spotted 534 | . 6 . 20 6 6 47 10 41 9 8 32 36 11 4 . 14 44 11 . 23 206 Peak Tracking Total 25 | . 3 . 4 1 2 4 2 5 5 1 19 4 4 3 . 5 8 5 . 7 25 Tactical Retreats 23 | . . . 3 . . 1 . 1 . . 2 1 . . . . 2 1 . . 12 Traps | -11 -10 -10 -8 -7 -7 -7 -6 -6 -6 -6 -6 -5 -5 -5 -5 -4 -4 -4 -4 -3 -3 ------- Run | Yrd Mat Sub Mat Fac Was Fac Fac Ext Cet Arc Hub Fac Upp Upp Zhi Pro Fac Arm Lab Res Tes Traps Triggered 14 | . . . . 3 . 2 . 1 . . 2 5 . . . . . . . . 1 Indirectly 4 | . . . . . . . . . . . . 4 . . . . . . . . . Trap Hack Attempts . | . . . . . . . . . . . . . . . . . . . . . . Triggered . | . . . . . . . . . . . . . . . . . . . . . . Disarmed . | . . . . . . . . . . . . . . . . . . . . . . Reprogrammed 4 | . . . . . . . . 4 . . . . . . . . . . . . . Reused . | . . . . . . . . . . . . . . . . . . . . . . Traps Extracted . | . . . . . . . . . . . . . . . . . . . . . . Installed . | . . . . . . . . . . . . . . . . . . . . . . Triggered . | . . . . . . . . . . . . . . . . . . . . . . Machines | -11 -10 -10 -8 -7 -7 -7 -6 -6 -6 -6 -6 -5 -5 -5 -5 -4 -4 -4 -4 -3 -3 ---------- Run | Yrd Mat Sub Mat Fac Was Fac Fac Ext Cet Arc Hub Fac Upp Upp Zhi Pro Fac Arm Lab Res Tes Machines Disabled 60 | . 1 . 2 1 . 3 6 5 2 4 1 7 . . . . 10 1 1 2 14 Max in Single Turn 4 | . 1 . 1 1 . 1 3 3 1 1 1 1 . . . . 4 1 1 1 2 Garrison Access 8 | . . . . 1 . . 2 . . . 1 1 . . . . 1 . . 1 1 Network Hub 1 | . . . . . . . . . . . 1 . . . . . . . . . . Energy Cycler 1 | . . . . . . . . 1 . . . . . . . . . . . . . Machines Repaired . | . . . . . . . . . . . . . . . . . . . . . . Machines Dismantled . | . . . . . . . . . . . . . . . . . . . . . . Machines Sabotaged 1 | . . . . . . . . . . . 1 . . . . . . . . . . Overloaded Fab Kills . | . . . . . . . . . . . . . . . . . . . . . . Hacking | -11 -10 -10 -8 -7 -7 -7 -6 -6 -6 -6 -6 -5 -5 -5 -5 -4 -4 -4 -4 -3 -3 --------- Run | Yrd Mat Sub Mat Fac Was Fac Fac Ext Cet Arc Hub Fac Upp Upp Zhi Pro Fac Arm Lab Res Tes Machines Accessed 100 | . 2 . 12 4 . 13 9 5 3 1 5 11 . . 5 . 8 3 1 3 15 Terminals 53 | . 1 . 8 2 . 6 5 5 3 . 3 4 . . . . 3 1 . 1 11 Fabricators 7 | . . . . 1 . 1 . . . . . 2 . . . . 1 1 . . 1 Repair Stations 11 | . 1 . 2 . . 1 1 . . . . 2 . . . . 1 1 . 1 1 Recycling Units 11 | . . . 2 . . 3 2 . . . . 2 . . . . 2 . . . . Scanalyzers 2 | . . . . . . . . . . . . 1 . . . . . . . . 1 Garrison Access 9 | . . . . 1 . 2 1 . . . 2 . . . . . 1 . . 1 1 Total Hacks 309 | . 5 . 47 6 . 37 22 12 9 2 11 34 . . 18 . 38 9 1 16 42 Successful 160 | . 2 . 29 1 . 13 10 5 2 2 4 13 . . 18 . 24 8 1 12 16 Failed 148 | . 3 . 17 5 . 24 12 7 7 . 7 21 . . . . 14 1 . 4 26 Catastrophic 41 | . . . 8 2 . 9 3 1 2 . 1 9 . . . . . . . . 6 Database Lockouts 1 | . . . 1 . . . . . . . . . . . . . . . . . . Manual 97 | . 4 . 21 . . 6 6 6 1 . 4 10 . . . . 21 1 . 5 12 Terminals 160 | . 4 . 31 4 . 17 10 12 9 . 8 8 . . . . 17 4 . 6 30 Fabricators 12 | . . . . 1 . 1 . . . . . 3 . . . . 2 2 . . 3 Repair Stations 43 | . 1 . 7 . . 6 2 . . . . 10 . . . . 3 3 . 7 4 Recycling Units 50 | . . . 9 . . 7 9 . . . . 10 . . . . 15 . . . . Scanalyzers 7 | . . . . . . . . . . . . 3 . . . . . . . . 4 Garrison Access 16 | . . . . 1 . 6 1 . . . 3 . . . . . 1 . . 3 1 Terminal Hacks 69 | . . . 12 . . 4 2 4 2 2 2 1 . . 18 . 6 3 1 3 9 Record 11 | . . . . . . . . . 2 2 . . . . 6 . . . 1 . . Part Schematic 5 | . . . . . . . . . . . . . . . 4 . . . . . 1 Robot Analysis 11 | . . . 1 . . . . . . . 1 1 . . 4 . 1 . . 1 2 Prototype ID Bank 7 | . . . 2 . . . 1 . . . . . . . 4 . . . . . . Open Door 3 | . . . . . . . 1 1 . . . . . . . . . . . . 1 Level Access Points 1 | . . . . . . . . . . . . . . . . . . . . . 1 Branch Access Points 4 | . . . 1 . . 1 . . . . . . . . . . 1 . . 1 . Terminal Index 1 | . . . 1 . . . . . . . . . . . . . . . . . . Garrison Index 1 | . . . . . . . . . . . . . . . . . . 1 . . . Alert Level 3 | . . . 1 . . . . . . . . . . . . . 1 . . . 1 Unreport Threat 4 | . . . 1 . . 1 . 1 . . 1 . . . . . . . . . . Locate Traps 6 | . . . 2 . . 2 . 1 . . . . . . . . 1 . . . . Reprogram Traps 1 | . . . . . . . . 1 . . . . . . . . . . . . . Dispatch Records 1 | . . . . . . . . . . . . . . . . . . 1 . . . Surveillance Status 1 | . . . . . . . . . . . . . . . . . 1 . . . . Patrol Status 1 | . . . . . . . . . . . . . . . . . . 1 . . . Transport Status 1 | . . . . . . . . . . . . . . . . . 1 . . . . Recall Extermination 1 | . . . . . . . . . . . . . . . . . . . . . 1 Recall Reinforcements 1 | . . . 1 . . . . . . . . . . . . . . . . . . Recall Assault 1 | . . . . . . . . . . . . . . . . . . . . . 1 Hauler Manifests 1 | . . . 1 . . . . . . . . . . . . . . . . . . Registered Components 2 | . . . . . . . . . . . . . . . . . . . . 1 1 Registered Prototypes 1 | . . . 1 . . . . . . . . . . . . . . . . . . Fabricator Hacks 4 | . . . . . . . . . . . . 1 . . . . 1 2 . . . Network Status 1 | . . . . . . . . . . . . . . . . . 1 . . . . Load Schematic 1 | . . . . . . . . . . . . . . . . . . 1 . . . Build 2 | . . . . . . . . . . . . 1 . . . . . 1 . . . Repair Station Hacks 30 | . 1 . 6 . . 6 2 . . . . 3 . . . . 1 2 . 6 3 Scan Component 16 | . . . 3 . . 3 1 . . . . 2 . . . . 1 1 . 3 2 Repair 13 | . . . 3 . . 3 1 . . . . 1 . . . . . 1 . 3 1 Refit 1 | . 1 . . . . . . . . . . . . . . . . . . . . Recycling Unit Hacks 13 | . . . 3 . . 1 1 . . . . 3 . . . . 5 . . . . Report Inventory 3 | . . . 1 . . . . . . . . . . . . . 2 . . . . Retrieve Matter 2 | . . . . . . . . . . . . 1 . . . . 1 . . . . Retrieve Components 8 | . . . 2 . . 1 1 . . . . 2 . . . . 2 . . . . Scanalyzer 2 | . . . . . . . . . . . . 1 . . . . . . . . 1 Insert Component 2 | . . . . . . . . . . . . 1 . . . . . . . . 1 Garrison Access Hacks 7 | . . . . 1 . . 1 . . . 1 . . . . . 1 . . 2 1 Seal Access 6 | . . . . 1 . . 1 . . . 1 . . . . . 1 . . 1 1 Coupler Status 1 | . . . . . . . . . . . . . . . . . . . . 1 . Unauthorized Hacks 35 | . 1 . 8 . . 2 4 1 . . 1 4 . . . . 10 1 . 1 2 Terminals 14 | . 1 . 4 . . 1 . 1 . . 1 . . . . . 3 1 . 1 1 Assimilate 1 | . . . . . . . . . . . . . . . . . 1 . . . . Botnet 11 | . 1 . 3 . . 1 . 1 . . . . . . . . 2 1 . 1 1 Operators 1 | . . . 1 . . . . . . . . . . . . . . . . . . Sabotage 1 | . . . . . . . . . . . 1 . . . . . . . . . . Fabricators 2 | . . . . . . . . . . . . . . . . . 1 . . . 1 Fabnet 2 | . . . . . . . . . . . . . . . . . 1 . . . 1 Repair Stations . | . . . . . . . . . . . . . . . . . . . . . . Recycling Units 19 | . . . 4 . . 1 4 . . . . 4 . . . . 6 . . . . Monitor 4 | . . . 1 . . . 1 . . . . . . . . . 2 . . . . Reject 4 | . . . 1 . . . 1 . . . . 1 . . . . 1 . . . . Recyclers 5 | . . . 1 . . . 1 . . . . 1 . . . . 2 . . . . Mask 6 | . . . 1 . . 1 1 . . . . 2 . . . . 1 . . . . Scanalyzers . | . . . . . . . . . . . . . . . . . . . . . . Garrison Access . | . . . . . . . . . . . . . . . . . . . . . . Data Cores Recovered 2 | . . . . 1 . . . . . . 1 . . . . . . . . . . Used 1 | . . . . . . . . . . . 1 . . . . . . . . . . Hacking Detections 79 | . 2 . 12 3 . 12 7 4 3 . 3 9 . . . . 6 3 . 2 13 Full Trace Events 8 | . 1 . 1 1 . 1 . . . . . . . . . . . 1 . . 3 Feedback Events 1 | . . . . . . . . . . . . . . . . . . . . . 1 Hackware Fried 1 | . . . . . . . . . . . . . . . . . . . . . 1 Feedback Blocked . | . . . . . . . . . . . . . . . . . . . . . . Robot Schematics Acquired . | . . . . . . . . . . . . . . . . . . . . . . Robots Built 3 | . . . . . . . . . . . . 3 . . . . . . . . . Authchips . | . . . . . . . . . . . . . . . . . . . . . . Time 76 | . . . . . . . . . . . . 76 . . . . . . . . . Total Robot Build Rating 15 | . . . . . . . . . . . . 15 . . . . . . . . . Part Schematics Acquired 10 | . . . . . . . . . . . . . . . 4 . . . . . 6 Parts Built 1 | . . . . . . . . . . . . . . . . . . 1 . . . Authchips . | . . . . . . . . . . . . . . . . . . . . . . Time 93 | . . . . . . . . . . . . . . . . . . 93 . . . Total Part Build Rating 7 | . . . . . . . . . . . . . . . . . . 7 . . . Parts Repaired 13 | . . . 3 . . 3 1 . . . . 1 . . . . . 1 . 3 1 Time 614 | . . . 130 . . 126 70 . . . . 54 . . . . . 18 . 192 24 Parts Recycled . | . . . . . . . . . . . . . . . . . . . . . . Recycled Matter . | . . . . . . . . . . . . . . . . . . . . . . Retrieved Matter . | . . . . . . . . . . . . . . . . . . . . . . Retrieved Components 50 | . . . 20 . . 3 6 . . . . 9 . . . . 12 . . . . Parts Scanalyzed 2 | . . . . . . . . . . . . 1 . . . . . . . . 1 Part Schematics Acquired . | . . . . . . . . . . . . . . . . . . . . . . Parts Damaged . | . . . . . . . . . . . . . . . . . . . . . . Bothacking | -11 -10 -10 -8 -7 -7 -7 -6 -6 -6 -6 -6 -5 -5 -5 -5 -4 -4 -4 -4 -3 -3 ------------ Run | Yrd Mat Sub Mat Fac Was Fac Fac Ext Cet Arc Hub Fac Upp Upp Zhi Pro Fac Arm Lab Res Tes Used RIF Installer . | . . . . . . . . . . . . . . . . . . . . . . Robots Hacked . | . . . . . . . . . . . . . . . . . . . . . . Non-combat . | . . . . . . . . . . . . . . . . . . . . . . Combat . | . . . . . . . . . . . . . . . . . . . . . . Robot Hacks Applied . | . . . . . . . . . . . . . . . . . . . . . . Relay Couplers Released 3 | . . . . . . . 1 . . . . 2 . . . . . . . . . Machine Destruction 3 | . . . . . . . 1 . . . . 2 . . . . . . . . . Fabnet Peak Effective % . | . . . . . . . . . . . . . . . . . . . . . . Robots Rewired 1 | . . . . . . . . . . . . . . . . . . . . . 1 Allies Hacked 1 | . . . . . . . . . . . . . . . . . . . . . 1 Hacks Repelled . | . . . . . . . . . . . . . . . . . . . . . . Allies | -11 -10 -10 -8 -7 -7 -7 -6 -6 -6 -6 -6 -5 -5 -5 -5 -4 -4 -4 -4 -3 -3 -------- Run | Yrd Mat Sub Mat Fac Was Fac Fac Ext Cet Arc Hub Fac Upp Upp Zhi Pro Fac Arm Lab Res Tes Total Allies 14 | . . . . . . . . 4 5 . . 3 . . . . 1 . . . 1 Largest Group 5 | . . . . . . . . 4 5 4 4 3 . . . . 1 . . . 1 Highest-Rated Group 480 | . . . . . . . . 240 480 377 377 87 . . . . 10 . . . 118 Highest-Rated Ally 159 | . . . . . . . . 159 152 96 96 29 . . . . 10 . . . 118 Total Orders 24 | . . . . . . . 2 . . . . 5 . . . . . . . 7 10 STAY 1 | . . . . . . . . . . . . . . . . . . . . . 1 FOLLOW 2 | . . . . . . . . . . . . . . . . . . . . . 2 EXPLORE 10 | . . . . . . . 2 . . . . 5 . . . . . . . 1 2 RETURN 11 | . . . . . . . . . . . . . . . . . . . . 6 5 Ally Attacks 233 | . . . . . . . . 49 20 14 39 25 . . . . . . . 40 46 Total Damage 8754 | . . . . . . . . 1320 1132 622 1794 351 . . . . . . . 766 2769 Kills 51 | . . . . . . . . 12 3 5 11 1 . . . . . . . 4 15 Allies Corrupted 4 | . . . . . . . . . . . 4 . . . . . . . . . . Allies Melted 1 | . . . . . . . . . . . . 1 . . . . . . . . . Intel | -11 -10 -10 -8 -7 -7 -7 -6 -6 -6 -6 -6 -5 -5 -5 -5 -4 -4 -4 -4 -3 -3 ------- Run | Yrd Mat Sub Mat Fac Was Fac Fac Ext Cet Arc Hub Fac Upp Upp Zhi Pro Fac Arm Lab Res Tes Active Infowar (turns) 11993 | . . . . . . 1381 1151 . . . . 2860 735 897 254 854 1773 638 213 394 843 Optics 6683 | . . . . . . . . . . . . 2036 735 897 254 854 1773 134 . . . Seismic 8606 | . . . . . . 1381 1151 . . . . 2116 250 285 . 595 1065 550 . 391 822 Cloaking 840 | . . . . . . . . . . . . . . . . . . 501 213 126 . ECM 21 | . . . . . . . . . . . . . . . . . . . . . 21 Robot Analysis Total 11 | . . . 1 . . . . . . . 1 1 . . 4 . 1 . . 1 2 Derelict Logs Recovered 3 | . . . . . . . . . . . . . 1 1 . 1 . . . . . Drone Launches 26 | . . . . . . . 2 . . . . 6 . . . . . . . 8 10 Drone Recoveries 18 | . . . . . . . . . . . . 2 . . . . . . . 8 8 Exploration | -11 -10 -10 -8 -7 -7 -7 -6 -6 -6 -6 -6 -5 -5 -5 -5 -4 -4 -4 -4 -3 -3 ------------- Run | Yrd Mat Sub Mat Fac Was Fac Fac Ext Cet Arc Hub Fac Upp Upp Zhi Pro Fac Arm Lab Res Tes Turns Passed 23494 | 85 371 29 1697 1450 625 2791 1272 958 622 258 480 2861 735 897 254 854 1773 645 332 759 3746 Spaces Moved 10814 | 49 191 18 742 747 341 1430 622 407 268 117 267 1274 336 509 149 418 665 299 168 295 1502 Core 5 | 5 . . . . . . . . . . . . . . . . . . . . . Treads 10809 | 44 191 18 742 747 341 1430 622 407 268 117 267 1274 336 509 149 418 665 299 168 295 1502 Legs . | . . . . . . . . . . . . . . . . . . . . . . Wheels . | . . . . . . . . . . . . . . . . . . . . . . Hover . | . . . . . . . . . . . . . . . . . . . . . . Flight . | . . . . . . . . . . . . . . . . . . . . . . Fastest Speed 50 | 50 160 160 160 162 162 160 160 162 160 160 160 160 160 160 160 160 145 145 160 160 160 Average Speed 160 | 148 160 160 162 162 162 161 161 162 161 160 160 160 160 160 160 160 161 157 160 160 160 Slowest Speed 250 | 160 160 160 240 162 162 162 162 162 162 160 160 160 160 160 160 160 166 237 160 160 250 Overloaded Moves . | . . . . . . . . . . . . . . . . . . . . . . Propulsion Burnouts . | . . . . . . . . . . . . . . . . . . . . . . Robots Hopped . | . . . . . . . . . . . . . . . . . . . . . . Potential Cave-ins 4 | . . . . . . . . 2 . . . 2 . . . . . . . . . Cave-ins Triggered . | . . . . . . . . . . . . . . . . . . . . . . Teleports 1 | . . . . . . . . . . . . . . . . . . 1 . . . Exploration Rate (%) 49 | 4 24 3 67 27 100 49 23 60 86 82 40 36 58 72 61 65 20 17 92 16 95 Regions Visited 21 Branch Regions 12 Pre-discovered Areas 4 | . . . . . . . . . . . . . . 1 3 . . . . . . Known Exits Taken 3 | . . . . . . . . . . . . 1 . . . . 1 . . 1 . Unknown Exits Taken 16 | 1 1 1 1 . . 1 1 1 1 1 1 . 1 1 1 1 . 1 1 . . Scrap Searched 8 | . . . . . . . . . . . . . 3 2 . 3 . . . . . Spaces Dug 59 | . . . . . . 1 12 . . . . 12 2 3 . . 14 . . . 15 Terrain Destroyed 670 | . . . 4 . 136 35 72 61 1 7 27 65 10 9 . 75 105 4 . . 59 Melee 13 | . . . . . . 1 12 . . . . . . . . . . . . . . Projectile 219 | . . . 4 . . . . . 1 7 7 65 10 9 . 5 75 4 . . 32 AOE 437 | . . . . . 136 34 60 61 . . 20 . . . . 70 30 . . . 26 Terrain Rammed . | . . . . . . . . . . . . . . . . . . . . . . Walls Destroyed . | . . . . . . . . . . . . . . . . . . . . . . Machines Disabled . | . . . . . . . . . . . . . . . . . . . . . . Actions | -11 -10 -10 -8 -7 -7 -7 -6 -6 -6 -6 -6 -5 -5 -5 -5 -4 -4 -4 -4 -3 -3 --------- Run | Yrd Mat Sub Mat Fac Was Fac Fac Ext Cet Arc Hub Fac Upp Upp Zhi Pro Fac Arm Lab Res Tes Total 15092 | 58 223 19 1099 965 370 1744 816 558 426 158 297 1908 489 566 168 538 1138 447 211 541 2353 Wait 2444 | . 5 . 200 166 1 144 129 66 101 21 1 461 129 36 . 54 275 72 1 186 396 Move 10794 | 48 190 17 741 747 340 1429 621 406 267 116 266 1273 335 508 148 417 664 298 167 294 1502 Hop . | . . . . . . . . . . . . . . . . . . . . . . Pick Up 183 | 3 6 . 19 11 1 18 6 1 5 1 5 16 . 2 6 4 18 10 4 11 36 Fast Attach 152 | 6 1 . 11 3 . 7 2 5 11 3 2 12 . 2 4 8 7 17 4 7 40 Attach 94 | . . . 4 3 . 8 5 . 1 . 1 10 1 1 2 6 14 . 2 7 29 Detach 62 | . . . 5 1 . 1 1 . 4 1 3 4 1 . . 2 9 4 3 1 22 Swap 204 | 1 2 1 8 5 6 32 7 2 1 1 6 28 5 4 . 11 30 8 5 4 37 Drop 259 | . 2 1 22 14 1 21 7 3 17 3 3 22 . 3 8 7 16 27 5 13 64 Fire 835 | . 17 . 82 15 21 68 21 72 19 11 10 77 18 10 . 29 97 11 20 18 219 Melee 25 | . . . . . . 8 17 . . . . . . . . . . . . . . Ram . | . . . . . . . . . . . . . . . . . . . . . . Kick . | . . . . . . . . . . . . . . . . . . . . . . Crush 33 | . . . 7 . . 8 . 2 . 1 . 5 . . . . 8 . . . 2 Escape Stasis 4 | . . . . . . . . 1 . . . . . . . . . . . . 3 Rewire 3 | . . . . . . . . . . . . . . . . . . . . . 3 Trap . | . . . . . . . . . . . . . . . . . . . . . . Miscellaneous . | . . . . . . . . . . . . . . . . . . . . . . Route ------- -11/Scrapyard -10/Materials -10/Subcaves -8/Materials -7/Factory -7/Waste -7/Factory (discovered 4 exits: *Fac x2 / Low x2) -6/Factory (discovered 2 exits: *Fac / *Ext) -6/Extension (discovered 3 exits: *Fac x2 / *Cet) -6/Cetus (discovered 2 exits: *Fac / *Arc) -6/Archives (discovered 3 exits: *Fac / *Hub x2) -6/Hub_04(d) (discovered 2 exits: *Fac x2) -5/Factory (discovered 2 exits: *Fac / *Upp) -5/Upper Caves -5/Upper Caves -5/Zhirov -4/Proximity Caves -4/Factory (discovered 3 exits: Upp x2 / *Arm) -4/Armory -4/Lab -3/Research (discovered 2 exits: *Tes x2) -3/Testing (discovered 1 exit: *Res) History --------- Turn | Location | Event 5 | -11/Scrapyard | Discovered new exit (range 14) 86 | -11/Scrapyard | Entered Materials 303 | -10/Materials | Build established: Mutant 447 | -10/Materials | Discovered new exit (range 7) 457 | -10/Materials | Entered Subcaves 457 | -10/Subcaves | Discovered new exit (range 13) 458 | -10/Subcaves | Shifting Twisted Machinery released Sub. Power Source 458 | -10/Subcaves | Approached by a straggling Scientist 463 | -10/Subcaves | Shifting Twisted Machinery released Battle Rifle 486 | -10/Subcaves | Entered Materials 486 | -8/Materials | Evolved 4 slots: Propulsion x1, Utility x2, Weapon x1 790 | -8/Materials | Build established: Tank 1067 | -8/Materials | Repaired Battle Rifle 1129 | -8/Materials | Repaired Enh. Autogun 1143 | -8/Materials | Met 7R-MNS 1406 | -8/Materials | Central database locked down 1725 | -8/Materials | Repaired Hrd. Medium Armor Plating 1803 | -8/Materials | Build established: Scavenger-Tank 1910 | -8/Materials | Discovered new exit (range 12) 2183 | -8/Materials | Entered Factory 2183 | -7/Factory | Evolved 2 slots: Propulsion x1, Weapon x1 2184 | -7/Factory | Caught up to 7R-MNS 2487 | -7/Factory | Found Powered Armor 2490 | -7/Factory | Found Powered Armor 2493 | -7/Factory | Found Powered Armor 3505 | -7/Factory | Discovered new exit (range 13) 3633 | -7/Factory | Sucked down chute 3633 | -7/Factory | Entered Waste 3654 | -7/Waste | Spotted C-40 Crusher 3681 | -7/Waste | Destroyed C-40 Crusher 3690 | -7/Waste | Spotted C-40 Crusher 3697 | -7/Waste | Destroyed C-40 Crusher 3701 | -7/Waste | Spotted C-40 Crusher 3715 | -7/Waste | Destroyed C-40 Crusher 3718 | -7/Waste | Spotted C-40 Crusher 3720 | -7/Waste | Spotted C-40 Crusher 3740 | -7/Waste | Destroyed C-40 Crusher 3744 | -7/Waste | Destroyed C-40 Crusher 3770 | -7/Waste | Spotted C-40 Crusher 3787 | -7/Waste | Destroyed C-40 Crusher 3878 | -7/Waste | Discovered new exit (range 13) 4258 | -7/Waste | Entered Factory 4590 | -7/Factory | Garrison activated, responded to threat 4610 | -7/Factory | Discovered new exit (range 11) 4724 | -7/Factory | Destroyed 8 combat bots 4745 | -7/Factory | Build established: Tank 5120 | -7/Factory | System corruption reached 10% 6291 | -7/Factory | Identified exit to Lower Caves 6727 | -7/Factory | Repaired Powered Armor 6774 | -7/Factory | Repaired Powered Armor? 6823 | -7/Factory | Repaired Arm. Treads 6987 | -7/Factory | Discovered new exit (range 16) 7049 | -7/Factory | Entered another Factory area 7049 | -6/Factory | Evolved 2 slots: Utility x1, Weapon x1 7662 | -6/Factory | Garrison activated, responded to threat 8288 | -6/Factory | Repaired Prc. Assault Rifle 8291 | -6/Factory | Discovered new exit (range 53) 8315 | -6/Factory | Discovered new exit (range 6) 8321 | -6/Factory | Entered Extension 8844 | -6/Extension | Energy Cycler disabled 8844 | -6/Extension | Rescued a captive Derelict 8845 | -6/Extension | Rescued a captive Derelict 8846 | -6/Extension | Rescued a captive Derelict 8849 | -6/Extension | Rescued a captive Derelict 8850 | -6/Extension | Rescued a captive Derelict 8852 | -6/Extension | Rescued a captive Derelict 8857 | -6/Extension | Rescued a captive Derelict 8900 | -6/Extension | Spotted B-75 Beast 8916 | -6/Extension | Rescued A7 8952 | -6/Extension | Allies destroyed B-75 Beast 8959 | -6/Extension | Spotted B-75 Beast 8987 | -6/Extension | Lost 3 allies 8993 | -6/Extension | Allies destroyed B-75 Beast 8996 | -6/Extension | Discovered new exit (range 16) 9046 | -6/Extension | Disrupted transfer network 9244 | -6/Extension | Discovered new exit (range 16) 9255 | -6/Extension | Discovered new exit (range 15) 9279 | -6/Extension | Entered Cetus 9279 | -6/Cetus | Accompanied by 1 ally (A7) 9284 | -6/Cetus | Acquired a Cetus Manufacturing Module code from A7 9299 | -6/Cetus | Spotted Cetus Guard 9299 | -6/Cetus | Spotted Cetus Guard 9305 | -6/Cetus | Spotted Cetus Guard 9308 | -6/Cetus | Build established: Scavenger-Tank 9308 | -6/Cetus | Destroyed Cetus Guard 9317 | -6/Cetus | Destroyed Cetus Guard 9320 | -6/Cetus | Spotted Cetus Guard 9325 | -6/Cetus | Destroyed Cetus Guard 9328 | -6/Cetus | Extracted ID and sensor layout for unrecognized location from A7's data core 9425 | -6/Cetus | Started Cetus Manufacturing Module 9450 | -6/Cetus | Manufactured an Enhanced Grunt 9475 | -6/Cetus | Manufactured an Enhanced Grunt 9500 | -6/Cetus | Manufactured an Enhanced Grunt 9525 | -6/Cetus | Manufactured an Enhanced Grunt 9550 | -6/Cetus | Manufactured an Enhanced Grunt 9729 | -6/Cetus | Discovered new exit (range 16) 9765 | -6/Cetus | Spotted Cetus Guard 9765 | -6/Cetus | Spotted Cetus Guard 9773 | -6/Cetus | Spotted Cetus Guard 9773 | -6/Cetus | Spotted Cetus Guard 9776 | -6/Cetus | Allies destroyed Cetus Guard 9778 | -6/Cetus | Allies destroyed Cetus Guard 9782 | -6/Cetus | Allies destroyed Cetus Guard 9785 | -6/Cetus | Destroyed Cetus Guard 9797 | -6/Cetus | Discovered new exit (range 15) 9813 | -6/Cetus | Met Revision 17 9901 | -6/Cetus | Entered Archives 9901 | -6/Archives | Accompanied by 4 allies 9972 | -6/Archives | Unable to access archive contents 9982 | -6/Archives | Discovered new exit (range 16) 9996 | -6/Archives | Discovered new exit (range 15) 10016 | -6/Archives | Discovered new exit (range 16) 10159 | -6/Archives | Entered Hub_04(d) 10159 | -6/Hub_04(d) | Accompanied by 4 allies 10236 | -6/Hub_04(d) | Discovered new exit (range 13) 10351 | -6/Hub_04(d) | Discovered new exit (range 5) 10539 | -6/Hub_04(d) | Network Hub disabled 10558 | -6/Hub_04(d) | Spotted Lightning 10558 | -6/Hub_04(d) | Spotted Lightning 10562 | -6/Hub_04(d) | Garrison activated, responded to threat 10583 | -6/Hub_04(d) | Spotted Lightning 10585 | -6/Hub_04(d) | Spotted Lightning 10586 | -6/Hub_04(d) | Spotted Lightning 10601 | -6/Hub_04(d) | Spotted Lightning 10601 | -6/Hub_04(d) | Spotted Lightning 10606 | -6/Hub_04(d) | System corruption reached 10% 10611 | -6/Hub_04(d) | Lost 3 allies 10639 | -6/Hub_04(d) | Entered Factory 10639 | -5/Factory | Evolved 2 slots: Power x1, Utility x1 10803 | -5/Factory | Fabricated G-50 Soldier? 10990 | -5/Factory | Repaired Centrium Medium Armor Plating 12288 | -5/Factory | Spotted B-75 Beast 12339 | -5/Factory | Destroyed B-75 Beast 12482 | -5/Factory | Discovered new exit (range 22) 12651 | -5/Factory | Discovered new exit (range 7) 13339 | -5/Factory | First assault squad dispatched 13499 | -5/Factory | Identified exit to Upper Caves 13500 | -5/Factory | Entered Upper Caves 13674 | -5/Upper Caves | Learned Factory terminal intel 14104 | -5/Upper Caves | System corruption reached 10% 14155 | -5/Upper Caves | Discovered new exit (range 9) 14235 | -5/Upper Caves | Entered another Upper Caves area 15093 | -5/Upper Caves | Discovered new exit (range 7) 15097 | -5/Upper Caves | Attracted the attention of an 0b10 checkpoint 15122 | -5/Upper Caves | Learned location of Warlord (-4) 15128 | -5/Upper Caves | Spotted B-75 Beast 15132 | -5/Upper Caves | Entered Zhirov 15132 | -5/Zhirov | Discovered new exit (range 4) 15161 | -5/Zhirov | Met Zhirov 15190 | -5/Zhirov | Learned location of Quarantine (-2) 15190 | -5/Zhirov | Learned location of Testing (-3) 15190 | -5/Zhirov | Learned location of Command (-1) 15206 | -5/Zhirov | Zhirov requested help retrieving the SGEMP Prototype 15230 | -5/Zhirov | Found Alien Artifact 15254 | -5/Zhirov | Found Alien Artifact 15254 | -5/Zhirov | Identified Integrated Dissipator 15254 | -5/Zhirov | Installed Integrated Dissipator, increased core heat dissipation (+20) 15386 | -5/Zhirov | Entered Proximity Caves 15518 | -4/Proximity Caves | Attracted the attention of an 0b10 checkpoint 15582 | -4/Proximity Caves | Found DCF Scrap (12 items) 15621 | -4/Proximity Caves | Learned Research emergency access door positions 15932 | -4/Proximity Caves | Spotted B-86 Titan 16209 | -4/Proximity Caves | Discovered new exit (range 5) 16240 | -4/Proximity Caves | Entered Factory 16240 | -4/Factory | Evolved 2 slots: Propulsion x1, Utility x1 16241 | -4/Factory | Loaded intel: 25 terminal locations 16910 | -4/Factory | Found Prototype Hackware 16910 | -4/Factory | Identified Exp. Hacking Suite 17124 | -4/Factory | Identified exit to Upper Caves 17124 | -4/Factory | Identified exit to Armory 17412 | -4/Factory | Build established: Hacker-Tank 17888 | -4/Factory | Spotted B-86 Titan 17972 | -4/Factory | Destroyed 10 combat bots 18013 | -4/Factory | Entered Armory 18076 | -4/Armory | Repaired Arm. Medium Treads 18466 | -4/Armory | Found Adv. Force Booster 18651 | -4/Armory | Fabricated Assault Drone Bay (x1) 18657 | -4/Armory | Identified Transdimensional Reconstructor 18657 | -4/Armory | Warped through subspace to slip node 18657 | -4/Armory | Discovered new exit (range 1) 18658 | -4/Armory | Entered Lab 18658 | -4/Lab | Discovered new exit (range 9) 18676 | -4/Lab | Hidden lab's door opened automatically 18676 | -4/Lab | Sensor layout match revealed 18677 | -4/Lab | Gained access to the hidden lab's interior 18684 | -4/Lab | Unable to decrypt terminal 18727 | -4/Lab | Found Alien Artifact 18727 | -4/Lab | Identified Core Regenerator 18727 | -4/Lab | Used Core Regenerator, restored core integrity (+287) 18761 | -4/Lab | Found Integrated Dissipator 18761 | -4/Lab | Installed Integrated Dissipator, increased core heat dissipation (+20) 18778 | -4/Lab | Found Transdimensional Reconstructor 18888 | -4/Lab | Found Prototype Energy Cannon 18888 | -4/Lab | Identified Warp Cannon 18901 | -4/Lab | Found Prototype Protection 18901 | -4/Lab | Identified Exp. Powered Armor 18906 | -4/Lab | Found Prototype Hackware 18936 | -4/Lab | Unable to decrypt terminal 18990 | -4/Lab | Entered Research 18990 | -3/Research | Evolved 2 slots: Propulsion x1, Utility x1 19116 | -3/Research | Identified Deep Network Scanner 19118 | -3/Research | Identified exit to Testing 19190 | -3/Research | Revision forces began assault on 0b10 19243 | -3/Research | Met up with Revision 17++ 19521 | -3/Research | Found Unknown Launcher 19521 | -3/Research | Identified Gamma Bomb Array 19525 | -3/Research | Found Gamma Bomb Array 19568 | -3/Research | Repaired Quantum Rifle 19646 | -3/Research | Repaired Rnf. Antimatter Reactor 19690 | -3/Research | Research terminal network offline 19709 | -3/Research | Repaired Adv. Coolant Injector 19749 | -3/Research | Entered Testing 20097 | -3/Testing | Identified exit to Research 20285 | -3/Testing | Found Prototype Device 20285 | -3/Testing | Identified 2N-1CE's Frost Array 20481 | -3/Testing | Spotted Alpha 7 20505 | -3/Testing | Garrison activated, responded to threat 20577 | -3/Testing | Found Prototype Processor 20577 | -3/Testing | Identified Exp. Targeting Computer 20671 | -3/Testing | Spotted Striker 20672 | -3/Testing | Spotted Striker 20675 | -3/Testing | Destroyed Striker 20684 | -3/Testing | Allies destroyed Striker 20744 | -3/Testing | Spotted Alpha 7 20816 | -3/Testing | Destroyed Alpha 7 20840 | -3/Testing | Found Prototype Processor 20840 | -3/Testing | Identified Exp. Target Analyzer 20849 | -3/Testing | Found Prototype Device 20849 | -3/Testing | Identified Exp. ECM Suite 20872 | -3/Testing | Stole the SGEMP Prototype 20995 | -3/Testing | Rewired PD-OT5NR21FDU 21197 | -3/Testing | System corruption reached 10% 21261 | -3/Testing | Destroyed 11 combat bots 21325 | -3/Testing | Found Prototype Processor 21325 | -3/Testing | Identified Spectral Analyzer 21419 | -3/Testing | Found Prototype Launcher 21419 | -3/Testing | Identified Z-bomb Delivery System 21633 | -3/Testing | Repaired Adv. Heavy Siege Treads 21635 | -3/Testing | Imp. Hacking Suite fried by hacking feedback 21999 | -3/Testing | First assault squad dispatched 22143 | -3/Testing | Destroyed 11 combat bots 22576 | -3/Testing | Found Prototype Protection 22576 | -3/Testing | Identified SHELL Armor 22580 | -3/Testing | Found Prototype Protection 22580 | -3/Testing | Identified Med. Regenerative Plating 22633 | -3/Testing | High security lockdown imminent 22694 | -3/Testing | Found Med. Regenerative Plating 22697 | -3/Testing | Destroyed 10 combat bots 22713 | -3/Testing | High security lockdown engaged 22776 | -3/Testing | Destroyed 13 combat bots 22875 | -3/Testing | Build established: Gunner 22927 | -3/Testing | Spotted Investigator 22929 | -3/Testing | Scanned by Researcher 22964 | -3/Testing | Destroyed Investigator 23002 | -3/Testing | Found Prototype Launcher 23029 | -3/Testing | Destroyed 19 combat bots 23120 | -3/Testing | Identified Containment Facilitator 23286 | -3/Testing | Spotted Executioner 23291 | -3/Testing | Destroyed Executioner 23324 | -3/Testing | Destroyed 7 combat bots 23399 | -3/Testing | Spotted Executioner 23406 | -3/Testing | Destroyed Executioner 23419 | -3/Testing | Sterilization system engaged 23419 | -3/Testing | Non-combat units ordered to evacuate 23444 | -3/Testing | Spotted Executioner 23457 | -3/Testing | Core integrity fell below 50% 23461 | -3/Testing | Destroyed Executioner 23464 | -3/Testing | Spotted Executioner 23481 | -3/Testing | Spotted Striker 23482 | -3/Testing | Destroyed 9 combat bots 23485 | -3/Testing | System corruption reached 30% 23494 | -3/Testing | Core integrity fell below 20% 23495 | -3/Testing | Destroyed by H-77 Assassin with Coil Gun Last Messages --------------- 23491_ Penetrated by Slug. 23491_ Adv. Heavy Siege Treads destroyed. 23492_ G-67 Veteran destroyed. 23492_ Penetrated by Slug. 23492_ Gamma Bomb Array destroyed. 23492_ Penetrated by Slug. 23492_ Rnf. Antimatter Reactor destroyed. 23493_ Knocked back. 23493_ Slug penetrates I-47 Archangel. 23493_ P-80 Master resets I-47 Archangel, system corruption cleaned. 23494_ System corrupted: Heat flow error (+110). 23494_ Exp. Targeting Computer destroyed. 23494_ Slug penetrates I-47 Archangel. 23494_ P-80 Master resets P-80 Master, system corruption cleaned. 23494_ Penetrated by Slug. 23495_ B-74 Champion heat spikes uncontrollably. 23495_ Slug penetrates L-61 Swordsman. 23495_ Slug penetrates H-77 Assassin. 23495_ Penetrated by Slug. [Achievement: Punisher] Map ----- +----------------------------------------------------+ | #G #!|!!!| #?????? | | #"" #[ #####+######+##+###+##?????? | | #"" ! !#!*# #?# #?????? | | # #[!# #?# / #?????? | | # ! #[!# #?# #?????? | | ########%/# #?# = #?????? | | ???##??#!/# #?# #?????? | | ??## T## # ]#?# #?????? | | ?#] + # #?# #?????? | | ?#] + # #?# #?????? | | ?#] ## # #?########/##?????? | | ???????# #####+###########?# ######## | | ???????# #???# #??# #?# ## | | ???????# ##### #??# #?# ## """ | | ???????# #??# ### ## """ | | ???????##+#####+##?# # + "S | | ???????# #?# # # """ | | ???????#! """"" #?# # # "" | | ???????#! ""T"" #?# + # ] | | ???????# ### # # | | ???????##########;## % # # | | ?????????#=%% ###/#### " ####### | | ????????##*""gS""" "%" | | ??????###; "" " "! " | | ??????# ;=!!%[ h% p* gi | | ?????????#% @% =%i b[ % % | | ?????????#[i l pi=gg ##########+### | | ??????# #!g hh p| #???????# | | ????????#;%!=h% KE! [ #???????#" | | ????????##!# hb! # ###???????#"" " | | ?????????#[ %i #?????????#" | | ?????????#[# #?????????##"""" | | ?????????#!# ###???????????#* " | | ?????????### ##????????????###" | | ??????????? # # ##???????????????## | | ??????????# ### # ?????????????????? | | ?????????? #??# # ##????????????????? | | ?????????##???# ####?????????????????? | | ??????????????# #????????????????????? | | ?????????????? ##????????????????????? | | ??????????????#??????????????????????? | | ?????????????????????????????????????? | | ?????????????????????????????????????? | | ?????????????????????????????????????? | | | | | | | | | | | | | +----------------------------------------------------+ Best States ------------- Heat Dissipation 186 Coolant Potential 100 Energy Generation 49 Energy Capacity 590 Matter Stores 300 Matter Capacity 300 Sight Range 22 Terrain Scan Density 10 ECM Strength 3 Cloak Strength 4 Power Amplification 30 Additional Mass Support 9 Armor Coverage 2250 Weapon Cycling 25 Evasion (%) 40 Targeting Accuracy 12 Target Analysis 10 Core Analysis 6 Recoil Reduction 6 Kinecelleration 40 Offensive Hacking 53 Item Schematics ----------------- Assault Drone Bay | -5/Zhirov | Free Exp. Heat Sink | -5/Zhirov | Free Exp. Optical Array | -5/Zhirov | Free Imp. Arc Thrower | -5/Zhirov | Free Adv. KE Penetrator | -3/Testing | Archive Exp. Hacking Suite | -3/Testing | Archive Exp. Thermal Shield | -3/Testing | Archive Cld. Field Propulsion Drive | -3/Testing | Archive Hds. Centrium Wheel | -3/Testing | Archive Lgt. Regenerative Plating | -3/Testing | Hacked Robot Schematics ------------------ None Fabricated ------------ G-50 Soldier | x3 | -5/Factory | Preloaded Assault Drone Bay | x1 | -4/Armory Repaired ---------- Battle Rifle | 6% | -8/Materials Enh. Autogun | 35% | -8/Materials Hrd. Medium Armor Plating | 73% | -8/Materials Powered Armor | 18% | -7/Factory Powered Armor | 29% | -7/Factory Arm. Treads | 37% | -7/Factory Prc. Assault Rifle | 18% | -6/Factory Centrium Medium Armor Plating | 42% | -5/Factory Arm. Medium Treads | 10% | -4/Armory Quantum Rifle | 25% | -3/Research Rnf. Antimatter Reactor | 61% | -3/Research Adv. Coolant Injector | 34% | -3/Research Adv. Heavy Siege Treads | 25% | -3/Testing Alien Tech Used ----------------- Integrated Dissipator Transdimensional Reconstructor Core Regenerator Achievements -------------- Anyone Home? Punisher Revising The Future Challenges ------------ None Game ------ Seed GatlingFlightExtrapolator Manual? 0 Play Time 06:31:37 Cumulative 212.9 hours Start 2025.06.05 @ 16:58:26 End 2025.06.06 @ 17:33:45 Sessions 6 Manual Loads 0 Difficulty Rogue Special Mode None Game No. 160 Rogue 160 Adventurer 0 Explorer 0 Win Type - Total 11 Types 11/0/0/0/0/0/0/0/0/0 Lore% 65 Gallery% 67 Achievement% 59 Wizard Run 0 Options --------- Layout 0 ASCII 0 Keyboard 1 Movement Numpad Keybinds 0 Fullscreen 2 Font 36/Smallcaps Map View 76x50 Zoom Use 0% Tactical HUD 1 Map Filters NONE Filters NONE Steam 1 RUN: 076af671-d385-47dc-ae43-ddd373edfb51